OTTAWA vs FLORIDA

Created - January 2, 2021 at 17:44

Goals
1 2 3 T
OTTAWA 0 1 2 3
FLORIDA 2 1 1 4
Shots
1 2 3 T
OTTAWA 16 11 13 40
FLORIDA 8 4 15 27

1st period

1. FLORIDA , Nate Schmidt 1 (Craig Smith 1, Alex Galchenyuk 1) at 1:37 (PP)
2. FLORIDA , Alex Galchenyuk 1 (Dante Fabbro 1, Shayne Gostisbehere 1) at 2:05

Penalties :
Vince Dunn (OTT) for Interference (Minor) at 0:14, Adam Lowry (FLA) for Fighting (Major) at 3:56, Mark Borowiecki (OTT) for Fighting (Major) at 3:56, Marc Staal (FLA) for Hooking (Minor) at 5:50

2nd period

3. FLORIDA , Justin Schultz 1 (Craig Smith 2, Alex Galchenyuk 2) at 6:19
4. OTTAWA , Mark Borowiecki 1 (Jordan Eberle 1, Yanni Gourde 1) at 13:00

Penalties :
Micheal Ferland (FLA) for Roughing (Minor) at 1:54, Dante Fabbro (FLA) for Hooking (Minor) at 15:15

3rd period

5. OTTAWA , Colin Wilson 1 (Oskar Sundqvist 1, Niklas Kronwall 1) at 3:01
6. FLORIDA , Joe Thornton 1 (Shayne Gostisbehere 2, Dante Fabbro 2) at 6:06
7. OTTAWA , Garnet Hathaway 1 (Joakim Nygard 1) at 14:59

Penalties :
Marc Staal (FLA) for Hooking (Minor) at 12:32, Vince Dunn (OTT) for Tripping (Minor) at 18:45

Goalie Stats

Connor Hellebuyck (OTT), 23 saves from 27 shots - (0.852), L, 0-1-0, 60:00 minutes
Jimmy Howard (FLA), 37 saves from 40 shots - (0.925), W, 1-0-0, 60:00 minutes

Players Stats for OTTAWA

Player Name              G  A  P  +/- PIM S  H  SB GA TA FO     MP     PP MP  PK MP  
------------------------------------------------------------------------------------
Brandon Pirri            0  0  0  -1  0   3  1  0  0  0  1/1     9:45   3:07   0:00 
Colin Wilson             1  0  1   0  0   2  2  0  0  0  7/7    18:38   3:07   0:42 
Dmitry Kulikov           0  0  0   0  0   1  0  0  0  0  0/0    14:44   0:00   0:00 
Garnet Hathaway          1  0  1   1  0   3  0  0  0  0  10/19  14:31   0:00   1:55 
Joakim Nygard            0  1  1   1  0   1  1  0  0  0  0/1    12:36   0:00   0:00 
Jordan Eberle            0  1  1   0  0   6  1  0  0  0  1/2    22:08   4:49   1:55 
Kyle Okposo              0  0  0   0  0   1  0  0  0  0  1/2    17:56   3:07   0:00 
MacKenzie Entwistle      0  0  0  -1  0   1  2  0  0  0  0/0     6:38   0:00   0:00 
Marcus Johansson         0  0  0   0  0   2  0  0  0  0  16/30  20:13   4:49   0:00 
Mark Borowiecki          1  0  1   0  5   3  0  0  0  0  0/0    17:12   2:51   1:04 
Martin Kaut              0  0  0   1  0   0  1  1  0  0  0/1    12:36   0:00   0:00 
Michael Rasmussen        0  0  0  -1  0   1  0  0  0  0  4/7     6:38   0:00   0:00 
Michal Kempny            0  0  0   2  0   3  1  0  0  0  0/0    18:06   1:02   1:04 
Niklas Kronwall          0  1  1   2  0   1  2  0  0  0  0/0    22:39   3:53   1:33 
Oskar Sundqvist          0  1  1   0  0   3  1  1  0  0  5/20   14:49   0:00   0:00 
Ryan Suter               0  0  0  -2  0   3  1  3  0  0  0/0    26:20   4:03   1:33 
Vince Dunn               0  0  0  -2  4   3  2  2  0  0  0/0    20:56   4:03   0:00 
Yanni Gourde             0  1  1   0  0   3  2  0  0  0  1/2    20:55   4:49   0:42 

Players Stats for FLORIDA

Player Name              G  A  P  +/- PIM S  H  SB GA TA FO     MP     PP MP  PK MP  
------------------------------------------------------------------------------------
Adam Lowry               0  0  0   1  5   1  2  0  0  0  17/25  17:00   0:00   2:57 
Alex Galchenyuk          1  2  3   1  0   5  1  1  0  0  2/5    16:17   0:54   0:00 
Brett Ritchie            0  0  0  -2  0   0  1  0  0  0  0/2     8:04   0:00   0:00 
Craig Smith              0  2  2   1  0   2  0  1  0  0  0/1    16:17   0:54   0:00 
Dante Fabbro             0  2  2   2  2   0  1  1  0  0  0/0    21:51   0:54   2:36 
Drake Batherson          0  0  0  -2  0   1  0  0  0  0  1/5     9:29   0:00   0:06 
Joakim Nordstrom         0  0  0   0  0   2  0  0  0  0  1/2    10:44   0:00   0:00 
Joe Thornton             1  0  1   1  0   1  2  0  0  0  16/32  20:33   0:54   4:23 
Justin Schultz           1  0  1  -1  0   2  0  0  0  0  0/0    10:50   0:00   0:28 
Marc Staal               0  0  0  -1  4   1  6  1  0  0  0/0    21:31   0:00   0:50 
Markus Granlund          0  0  0  -2  0   0  0  0  0  0  0/0     8:04   0:00   0:00 
Martin Necas             0  0  0   1  0   3  2  0  0  0  0/1    21:27   1:43   4:28 
Micheal Ferland          0  0  0   0  2   1  3  0  0  0  0/1    11:25   0:00   0:42 
Nate Schmidt             1  0  1  -1  0   3  1  3  0  0  0/0    25:27   0:54   2:47 
Patrick Marleau          0  0  0   1  0   3  2  0  0  0  2/4    20:21   1:43   3:22 
Radim Simek              0  0  0  -1  0   1  3  2  0  0  0/0    17:17   1:43   4:30 
Ryan Donato              0  0  0   0  0   1  0  0  0  0  7/14   12:27   1:43   0:00 
Shayne Gostisbehere      0  2  2   2  0   0  2  0  0  0  0/0    22:55   1:43   4:35 

3 Stars

1 - Alex Galchenyuk (FLA)
2 - Shayne Gostisbehere (FLA)
3 - Joe Thornton (FLA)

Power Play

OTTAWA - 0 on 4 Attempt(s) - 0.00%
FLORIDA - 1 on 2 Attempt(s) - 50.00%

Penalty Kill

OTTAWA - 1 on 2 Attempt(s) - 50.00% - Score 0 goal in Penalty Kill
FLORIDA - 4 on 4 Attempt(s) - 100.00% - Score 0 goal in Penalty Kill

Team Stat

OTTAWA - Hits : 17 - Faceoff Wins : 46 - Blocked Shots : 7 - Penalty Minutes : 9
FLORIDA - Hits : 26 - Faceoff Wins : 46 - Blocked Shots : 9 - Penalty Minutes : 13

Official

Referees : Kevin Pollock and Mitch Dunning
Linesman : Libor Suchanek and Devin Berg

Game Notes

Adam Lowry beats up Mark Borowiecki at 3:56 of 1st period

Finance

Level 1 -- Attendance: 5343 (89.05%) -- Ticket Income $427,440
Level 2 -- Attendance: 5000 (100.00%) -- Ticket Income $250,000
Level 3 -- Attendance: 2000 (100.00%) -- Ticket Income $56,000
Level 4 -- Attendance: 4000 (100.00%) -- Ticket Income $60,000
Luxury Box -- Attendance: 1000 (100.00%) -- Ticket Income $150,000
Game was played at the BBT Center.
Total Attendance: 17343 (96.35%)
Total Ticket Income: $943,440
Total Income: $943,440

OTTAWA

5 vs 5 Forward 
   Center                   Left Wing                Right Wing               Time % Phy DF OF 
 1 Marcus Johansson         Yanni Gourde             Jordan Eberle            35     0   1  4  
 2 Oskar Sundqvist          Colin Wilson             Kyle Okposo              30     1   2  2  
 3 Garnet Hathaway          Joakim Nygard            Martin Kaut              25     1   3  1  
 4 Michael Rasmussen        Brandon Pirri            MacKenzie Entwistle      10     2   2  1  

5 vs 5 Defense 
   Defense                  Defense                                           Time % Phy DF OF 
 1 Ryan Suter               Vince Dunn                                        35     1   1  3  
 2 Michal Kempny            Niklas Kronwall                                   30     1   2  2  
 3 Dmitry Kulikov           Mark Borowiecki                                   25     1   3  1  
 4 Ryan Suter               Niklas Kronwall                                   10     2   2  1  

PowerPlay Forward 
   Center                   Left Wing                Right Wing               Time % Phy DF OF 
 1 Marcus Johansson         Yanni Gourde             Jordan Eberle            60     0   1  4  
 2 Colin Wilson             Brandon Pirri            Kyle Okposo              40     0   2  3  

PowerPlay Defense
   Defense                  Defense                                           Time % Phy DF OF 
 1 Vince Dunn               Ryan Suter                                        60     0   1  4  
 2 Mark Borowiecki          Niklas Kronwall                                   40     0   2  3  

Penalty Kill 4 Players Forward 
   Center                   Wing                     Time % Phy DF OF 
 1 Garnet Hathaway          Jordan Eberle            60     1   3  1  
 2 Colin Wilson             Yanni Gourde             40     1   4  0  

Penalty Kill 4 Players Defense
   Defense                  Defense                  Time % Phy DF OF 
 1 Ryan Suter               Niklas Kronwall          60     1   3  1  
 2 Mark Borowiecki          Michal Kempny            40     1   4  0  

Penalty Kill - 3 Players Forward 
   Forward                                           Time % Phy DF OF 
 1 Oskar Sundqvist                                   60     0   4  1  
 2 Garnet Hathaway                                   40     2   3  0  

Penalty Kill - 3 Players Defense
   Defense                  Defense                  Time % Phy DF OF 
 1 Ryan Suter               Niklas Kronwall          60     0   4  1  
 2 Michal Kempny            Mark Borowiecki          40     2   3  0  

4 vs 4 Forward 
   Center                   Wing                     Time % Phy DF OF 
 1 Oskar Sundqvist          Colin Wilson             60     1   2  2  
 2 Garnet Hathaway          Kyle Okposo              40     1   2  2  

4 vs 4 Defense
   Defense                  Defense                  Time % Phy DF OF 
 1 Ryan Suter               Niklas Kronwall          60     1   2  2  
 2 Mark Borowiecki          Dmitry Kulikov           40     1   2  2  

Last Minutes Offensive
   Center                   Left Wing                Right Wing               Defense                  Defense                  
   Marcus Johansson         Yanni Gourde             Jordan Eberle            Ryan Suter               Vince Dunn               

Last Minutes Defensive
   Center                   Left Wing                Right Wing               Defense                  Defense                  
   Oskar Sundqvist          Yanni Gourde             Jordan Eberle            Ryan Suter               Niklas Kronwall          

Goaltenders
Starting : Connor Hellebuyck        
Backup : Pekka Rinne              

Extra Forwards
Normal : Colin Wilson, Oskar Sundqvist, Garnet Hathaway - PP : Kyle Okposo, Colin Wilson - PK : Jordan Eberle
Extra Defensemen
Normal : Ryan Suter, Niklas Kronwall, Mark Borowiecki - PP : Michal Kempny - PK : Dmitry Kulikov, Vince Dunn
Penalty Shots
Brandon Pirri, Jordan Eberle, Kyle Okposo, Dmitry Kulikov, Colin Wilson

Scratches
OTT Cap Hit (Suspend), Roman Polak (Healthy), Mirco Mueller (Healthy), Dominik Simon (Healthy), Laurent Brossoit (Healthy)

FLORIDA

5 vs 5 Forward 
   Center                   Left Wing                Right Wing               Time % Phy DF OF 
 1 Joe Thornton             Patrick Marleau          Martin Necas             35     0   0  5  
 2 Adam Lowry               Alex Galchenyuk          Craig Smith              30     0   0  5  
 3 Ryan Donato              Micheal Ferland          Joakim Nordstrom         20     0   0  5  
 4 Drake Batherson          Markus Granlund          Brett Ritchie            15     0   0  5  

5 vs 5 Defense 
   Defense                  Defense                                           Time % Phy DF OF 
 1 Marc Staal               Nate Schmidt                                      40     3   1  1  
 2 Dante Fabbro             Shayne Gostisbehere                               35     3   1  1  
 3 Radim Simek              Justin Schultz                                    20     3   1  1  
 4 Dante Fabbro             Nate Schmidt                                      5      3   1  1  

PowerPlay Forward 
   Center                   Left Wing                Right Wing               Time % Phy DF OF 
 1 Ryan Donato              Patrick Marleau          Martin Necas             60     0   0  5  
 2 Joe Thornton             Alex Galchenyuk          Craig Smith              40     0   0  5  

PowerPlay Defense
   Defense                  Defense                                           Time % Phy DF OF 
 1 Dante Fabbro             Nate Schmidt                                      60     0   0  5  
 2 Shayne Gostisbehere      Radim Simek                                       40     0   0  5  

Penalty Kill 4 Players Forward 
   Center                   Wing                     Time % Phy DF OF 
 1 Adam Lowry               Martin Necas             60     2   3  0  
 2 Joe Thornton             Patrick Marleau          40     2   3  0  

Penalty Kill 4 Players Defense
   Defense                  Defense                  Time % Phy DF OF 
 1 Dante Fabbro             Nate Schmidt             60     2   3  0  
 2 Shayne Gostisbehere      Radim Simek              40     2   3  0  

Penalty Kill - 3 Players Forward 
   Forward                                           Time % Phy DF OF 
 1 Adam Lowry                                        60     2   3  0  
 2 Martin Necas                                      40     2   3  0  

Penalty Kill - 3 Players Defense
   Defense                  Defense                  Time % Phy DF OF 
 1 Dante Fabbro             Nate Schmidt             60     2   3  0  
 2 Justin Schultz           Radim Simek              40     2   3  0  

4 vs 4 Forward 
   Center                   Wing                     Time % Phy DF OF 
 1 Ryan Donato              Martin Necas             60     1   2  2  
 2 Joe Thornton             Patrick Marleau          40     1   2  2  

4 vs 4 Defense
   Defense                  Defense                  Time % Phy DF OF 
 1 Dante Fabbro             Nate Schmidt             60     1   2  2  
 2 Shayne Gostisbehere      Radim Simek              40     1   2  2  

Last Minutes Offensive
   Center                   Left Wing                Right Wing               Defense                  Defense                  
   Joe Thornton             Patrick Marleau          Martin Necas             Dante Fabbro             Nate Schmidt             

Last Minutes Defensive
   Center                   Left Wing                Right Wing               Defense                  Defense                  
   Joe Thornton             Patrick Marleau          Martin Necas             Dante Fabbro             Nate Schmidt             

Goaltenders
Starting : Jimmy Howard             
Backup : Marc-Andre Fleury        

Extra Forwards
Normal : Drake Batherson, Markus Granlund, Martin Necas - PP : Drake Batherson, Markus Granlund - PK : Martin Necas
Extra Defensemen
Normal : Justin Schultz, Radim Simek, Nate Schmidt - PP : Nate Schmidt - PK : Shayne Gostisbehere, Nate Schmidt
Penalty Shots
Drake Batherson, Martin Necas, Ryan Donato, Patrick Marleau, Nate Schmidt

Scratches
Ilya Lyubushkin (Healthy), FLA Cap Hit (Suspend), Denis Malgin (Healthy)

% Time on Ice - OTTAWA

Lines # - Real PCT - Wanted PCT - Time Play
Normal Forward
1 - 31% - 35% - 15:24
2 - 30% - 30% - 14:49
3 - 25% - 25% - 12:36
4 - 13% - 10% - 6:38
Normal Defense
1 - 34% - 35% - 16:55
2 - 32% - 30% - 15:49
3 - 30% - 25% - 14:44
4 - 4% - 10% - 1:59
PP Forward
1 - 61% - 60% - 4:49
2 - 39% - 40% - 3:07
PP Defense
1 - 51% - 60% - 4:03
2 - 49% - 40% - 3:53
PK Forward
1 - 73% - 60% - 1:55
2 - 27% - 40% - 0:42
PK Defense
1 - 59% - 60% - 1:33
2 - 41% - 40% - 1:04
PK3 Forward
1 - 0% - 60%
2 - 0% - 40%
PK3 Defense
1 - 0% - 60%
2 - 0% - 40%
44 Forward
1 - 0% - 60%
2 - 0% - 40%
44 Defense
1 - 0% - 60%
2 - 0% - 40%
Last Minute Offensive  - 0:00
Last Minute Defensive  - 0:00
Total
Forward - 60:00
Defense - 60:00

% Time on Ice - FLORIDA

Lines # - Real PCT - Wanted PCT - Time Play
Normal Forward
1 - 31% - 35% - 15:16
2 - 31% - 30% - 15:23
3 - 22% - 20% - 10:44
4 - 16% - 15% - 8:04
Normal Defense
1 - 42% - 40% - 20:43
2 - 34% - 35% - 16:36
3 - 21% - 20% - 10:22
4 - 4% - 5% - 1:46
PP Forward
1 - 66% - 60% - 1:43
2 - 34% - 40% - 0:54
PP Defense
1 - 34% - 60% - 0:54
2 - 66% - 40% - 1:43
PK Forward
1 - 68% - 60% - 5:24
2 - 32% - 40% - 2:32
PK Defense
1 - 51% - 60% - 4:02
2 - 49% - 40% - 3:54
PK3 Forward
1 - 0% - 60%
2 - 0% - 40%
PK3 Defense
1 - 0% - 60%
2 - 0% - 40%
44 Forward
1 - 0% - 60%
2 - 0% - 40%
44 Defense
1 - 0% - 60%
2 - 0% - 40%
Last Minute Offensive  - 0:00
Last Minute Defensive  - 0:00
Total
Forward - 60:00
Defense - 60:00

Play-by-Play

1st period


0:01 of 1st period - Marcus Johansson wins face-off versus Patrick Marleau in neutral zone.
0:14 of 1st period - Minor Penalty to Vince Dunn for Interference.
0:15 of 1st period - Joe Thornton wins face-off versus Garnet Hathaway in OTTAWA zone.
0:18 of 1st period - Shot by Craig Smith.
0:18 of 1st period - Stopped by Connor Hellebuyck without a rebound.
0:19 of 1st period - Colin Wilson wins face-off versus Ryan Donato in OTTAWA zone.
0:25 of 1st period - Icing by Radim Simek.
0:26 of 1st period - Garnet Hathaway wins face-off versus Ryan Donato in FLORIDA zone.
0:37 of 1st period - Shot by Martin Necas.
0:37 of 1st period - Shot Misses the Net.
0:59 of 1st period - Shot by Ryan Donato.
0:59 of 1st period - Shot Blocked by Ryan Suter.
1:01 of 1st period - Shot by Patrick Marleau.
1:01 of 1st period - Shot Misses the Net.
1:25 of 1st period - Shot by Craig Smith.
1:25 of 1st period - Shot Blocked by Ryan Suter.
1:27 of 1st period - Shot by Nate Schmidt.
1:27 of 1st period - Stopped by Connor Hellebuyck without a rebound.
1:28 of 1st period - Colin Wilson wins face-off versus Joe Thornton in OTTAWA zone.
1:37 of 1st period - Shot by Nate Schmidt.
1:37 of 1st period - Goal by Nate Schmidt - OTTAWA : 0 - FLORIDA : 1.
1:38 of 1st period - Oskar Sundqvist wins face-off versus Brett Ritchie in neutral zone.
1:57 of 1st period - Shot by Colin Wilson.
1:57 of 1st period - Stopped by Jimmy Howard without a rebound.
1:58 of 1st period - Adam Lowry wins face-off versus Michael Rasmussen in FLORIDA zone.
2:03 of 1st period - Shot by Dante Fabbro.
2:03 of 1st period - Shot Misses the Net.
2:05 of 1st period - Shot by Alex Galchenyuk.
2:05 of 1st period - Goal by Alex Galchenyuk - OTTAWA : 0 - FLORIDA : 2.
2:06 of 1st period - Garnet Hathaway wins face-off versus Joe Thornton in neutral zone.
2:19 of 1st period - Shot by Joakim Nygard.
2:19 of 1st period - Shot Misses the Net.
2:21 of 1st period - Shot by Michal Kempny.
2:21 of 1st period - Stopped by Jimmy Howard with a rebound.
2:50 of 1st period - Martin Necas is hit by Martin Kaut and loses puck.
3:09 of 1st period - Shot by Jordan Eberle.
3:09 of 1st period - Shot Misses the Net.
3:11 of 1st period - Shot by Ryan Suter.
3:11 of 1st period - Shot Misses the Net.
3:19 of 1st period - Ryan Suter is hit by Joe Thornton and loses puck.
3:30 of 1st period - Shot by Ryan Suter.
3:30 of 1st period - Stopped by Jimmy Howard without a rebound.
3:31 of 1st period - Colin Wilson wins face-off versus Adam Lowry in FLORIDA zone.
3:48 of 1st period - Adam Lowry is hit by Colin Wilson and loses puck.
3:56 of 1st period - Adam Lowry beats up Mark Borowiecki.
3:56 of 1st period - Penalty to Adam Lowry for Fighting.
3:56 of 1st period - Penalty to Mark Borowiecki for Fighting.
3:57 of 1st period - Ryan Donato wins face-off versus Michael Rasmussen in FLORIDA zone.
4:12 of 1st period - Joakim Nordstrom is hit by MacKenzie Entwistle and loses puck.
4:31 of 1st period - Shot by Vince Dunn.
4:31 of 1st period - Stopped by Jimmy Howard without a rebound.
4:32 of 1st period - Marcus Johansson wins face-off versus Drake Batherson in FLORIDA zone.
5:05 of 1st period - Shot by Yanni Gourde.
5:05 of 1st period - Shot Misses the Net.
5:07 of 1st period - Shot by Michal Kempny.
5:07 of 1st period - Shot Misses the Net.
5:09 of 1st period - Shot by Marcus Johansson.
5:09 of 1st period - Stopped by Jimmy Howard with a rebound.
5:11 of 1st period - Shot by Niklas Kronwall.
5:11 of 1st period - Shot Blocked by Alex Galchenyuk.
5:50 of 1st period - Minor Penalty to Marc Staal for Hooking.
5:51 of 1st period - Colin Wilson wins face-off versus Joe Thornton in FLORIDA zone.
5:57 of 1st period - Shot by Ryan Suter.
5:57 of 1st period - Stopped by Jimmy Howard without a rebound.
5:58 of 1st period - Joe Thornton wins face-off versus Marcus Johansson in FLORIDA zone.
7:21 of 1st period - Shot by Colin Wilson.
7:21 of 1st period - Shot Misses the Net.
7:23 of 1st period - Shot by Vince Dunn.
7:23 of 1st period - Stopped by Jimmy Howard without a rebound.
7:24 of 1st period - Colin Wilson wins face-off versus Joe Thornton in FLORIDA zone.
7:29 of 1st period - Shot by Ryan Suter.
7:29 of 1st period - Stopped by Jimmy Howard without a rebound.
7:30 of 1st period - Colin Wilson wins face-off versus Joe Thornton in FLORIDA zone.
7:39 of 1st period - Shot by Brandon Pirri.
7:39 of 1st period - Stopped by Jimmy Howard without a rebound.
7:40 of 1st period - Brandon Pirri wins face-off versus Joe Thornton in FLORIDA zone.
8:54 of 1st period - Shot by Joakim Nordstrom.
8:54 of 1st period - Stopped by Connor Hellebuyck with a rebound.
8:56 of 1st period - Shot by Joakim Nordstrom.
8:56 of 1st period - Stopped by Connor Hellebuyck without a rebound.
8:57 of 1st period - Marcus Johansson wins face-off versus Martin Necas in OTTAWA zone.
9:01 of 1st period - Justin Schultz is hit by Jordan Eberle and loses puck.
9:29 of 1st period - Shot by Yanni Gourde.
9:29 of 1st period - Shot Misses the Net.
10:00 of 1st period - Off-side.
10:01 of 1st period - Ryan Donato wins face-off versus Oskar Sundqvist in neutral zone.
10:21 of 1st period - Dmitry Kulikov is hit by Marc Staal and loses puck.
10:28 of 1st period - Shot by Oskar Sundqvist.
10:28 of 1st period - Stopped by Jimmy Howard without a rebound.
10:29 of 1st period - Adam Lowry wins face-off versus Garnet Hathaway in FLORIDA zone.
11:19 of 1st period - Icing by Ryan Suter.
11:20 of 1st period - Garnet Hathaway wins face-off versus Joe Thornton in OTTAWA zone.
11:20 of 1st period - Garnet Hathaway is hit by Martin Necas.
11:34 of 1st period - Kyle Okposo is hit by Martin Necas and loses puck.
12:37 of 1st period - Niklas Kronwall is hit by Micheal Ferland and loses puck.
12:46 of 1st period - Shot by Jordan Eberle.
12:46 of 1st period - Stopped by Jimmy Howard without a rebound.
12:47 of 1st period - Michael Rasmussen wins face-off versus Drake Batherson in FLORIDA zone.
13:02 of 1st period - Vince Dunn is hit by Brett Ritchie and loses puck.
13:11 of 1st period - Shot by Drake Batherson.
13:11 of 1st period - Stopped by Connor Hellebuyck without a rebound.
13:12 of 1st period - Garnet Hathaway wins face-off versus Joe Thornton in OTTAWA zone.
13:35 of 1st period - Icing by Dmitry Kulikov.
13:36 of 1st period - Adam Lowry wins face-off versus Martin Kaut in OTTAWA zone.
13:57 of 1st period - Shot by Joakim Nygard.
13:57 of 1st period - Stopped by Jimmy Howard without a rebound.
13:58 of 1st period - Marcus Johansson wins face-off versus Joe Thornton in FLORIDA zone.
13:59 of 1st period - Shot by Jordan Eberle.
13:59 of 1st period - Shot Misses the Net.
14:01 of 1st period - Shot by Yanni Gourde.
14:01 of 1st period - Stopped by Jimmy Howard with a rebound.
14:11 of 1st period - Shot by Marcus Johansson.
14:11 of 1st period - Stopped by Jimmy Howard without a rebound.
14:12 of 1st period - Kyle Okposo wins face-off versus Drake Batherson in FLORIDA zone.
14:18 of 1st period - Markus Granlund is hit by Niklas Kronwall and loses puck.
14:26 of 1st period - Icing by Colin Wilson.
14:27 of 1st period - Oskar Sundqvist wins face-off versus Joe Thornton in OTTAWA zone.
14:37 of 1st period - Icing by Nate Schmidt.
14:38 of 1st period - Joe Thornton wins face-off versus Yanni Gourde in FLORIDA zone.
16:23 of 1st period - Shot by Micheal Ferland.
16:23 of 1st period - Stopped by Connor Hellebuyck without a rebound.
16:24 of 1st period - Drake Batherson wins face-off versus Garnet Hathaway in OTTAWA zone.
16:33 of 1st period - Shot by Brett Ritchie.
16:33 of 1st period - Shot Misses the Net.
16:54 of 1st period - Joakim Nygard is hit by Marc Staal and loses puck.
17:20 of 1st period - Kyle Okposo is hit by Nate Schmidt and loses puck.
17:26 of 1st period - Oskar Sundqvist is hit by Marc Staal and loses puck.
18:16 of 1st period - MacKenzie Entwistle is hit by Marc Staal and loses puck.
18:45 of 1st period - Shot by Joe Thornton.
18:45 of 1st period - Shot Blocked by Martin Kaut.
18:51 of 1st period - Ryan Suter is hit by Patrick Marleau and loses puck.
19:13 of 1st period - Shot by Vince Dunn.
19:13 of 1st period - Stopped by Jimmy Howard without a rebound.
19:14 of 1st period - Michael Rasmussen wins face-off versus Adam Lowry in FLORIDA zone.
19:21 of 1st period - Shot by Brandon Pirri.
19:21 of 1st period - Stopped by Jimmy Howard without a rebound.
19:22 of 1st period - Yanni Gourde wins face-off versus Ryan Donato in FLORIDA zone.
19:37 of 1st period - Icing by Justin Schultz.
19:38 of 1st period - Ryan Donato wins face-off versus Oskar Sundqvist in FLORIDA zone.
Goals for this period are 0 for OTTAWA vs 2 for FLORIDA.
Shots for this period are 16 for OTTAWA vs 8 for FLORIDA.

2nd period


0:01 of 2nd period - Adam Lowry wins face-off versus Marcus Johansson in neutral zone.
0:12 of 2nd period - Shot by Alex Galchenyuk.
0:12 of 2nd period - Stopped by Connor Hellebuyck without a rebound.
0:13 of 2nd period - Joe Thornton wins face-off versus Oskar Sundqvist in OTTAWA zone.
0:44 of 2nd period - Icing by Justin Schultz.
0:45 of 2nd period - Marcus Johansson wins face-off versus Joe Thornton in FLORIDA zone.
0:46 of 2nd period - Shot by Yanni Gourde.
0:46 of 2nd period - Stopped by Jimmy Howard with a rebound.
0:49 of 2nd period - Icing by Justin Schultz.
0:50 of 2nd period - Marcus Johansson wins face-off versus Joe Thornton in FLORIDA zone.
0:50 of 2nd period - Marcus Johansson is hit by Radim Simek.
1:05 of 2nd period - Icing by Jordan Eberle.
1:06 of 2nd period - Adam Lowry wins face-off versus Marcus Johansson in OTTAWA zone.
1:15 of 2nd period - Shot by Adam Lowry.
1:15 of 2nd period - Shot Misses the Net.
1:17 of 2nd period - Shot by Shayne Gostisbehere.
1:17 of 2nd period - Shot Misses the Net.
1:19 of 2nd period - Shot by Alex Galchenyuk.
1:19 of 2nd period - Stopped by Connor Hellebuyck without a rebound.
1:20 of 2nd period - Ryan Donato wins face-off versus Oskar Sundqvist in OTTAWA zone.
1:20 of 2nd period - Ryan Donato is hit by Niklas Kronwall.
1:32 of 2nd period - Shot by Joakim Nordstrom.
1:32 of 2nd period - Shot Misses the Net.
1:34 of 2nd period - Shot by Joakim Nordstrom.
1:34 of 2nd period - Shot Misses the Net.
1:36 of 2nd period - Shot by Ryan Donato.
1:36 of 2nd period - Shot Misses the Net.
1:54 of 2nd period - Minor Penalty to Micheal Ferland for Roughing.
1:55 of 2nd period - Adam Lowry wins face-off versus Marcus Johansson in FLORIDA zone.
2:07 of 2nd period - Yanni Gourde is hit by Shayne Gostisbehere and loses puck.
2:19 of 2nd period - Shot by Yanni Gourde.
2:19 of 2nd period - Shot Misses the Net.
3:02 of 2nd period - Shayne Gostisbehere is hit by Brandon Pirri and loses puck.
3:21 of 2nd period - Shot by Niklas Kronwall.
3:21 of 2nd period - Shot Misses the Net.
3:29 of 2nd period - Mark Borowiecki is hit by Patrick Marleau.
4:12 of 2nd period - Shot by Garnet Hathaway.
4:12 of 2nd period - Stopped by Jimmy Howard with a rebound.
4:14 of 2nd period - Shot by Michal Kempny.
4:14 of 2nd period - Shot Blocked by Nate Schmidt.
5:33 of 2nd period - Shot by Oskar Sundqvist.
5:33 of 2nd period - Shot Misses the Net.
6:01 of 2nd period - Shot by Jordan Eberle.
6:01 of 2nd period - Shot Misses the Net.
6:17 of 2nd period - Shot by Craig Smith.
6:17 of 2nd period - Shot Blocked by Ryan Suter.
6:19 of 2nd period - Shot by Justin Schultz.
6:19 of 2nd period - Goal by Justin Schultz - OTTAWA : 0 - FLORIDA : 3.
6:20 of 2nd period - Garnet Hathaway wins face-off versus Joe Thornton in neutral zone.
6:25 of 2nd period - Shot by Joakim Nygard.
6:25 of 2nd period - Shot Misses the Net.
6:27 of 2nd period - Shot by Joakim Nygard.
6:27 of 2nd period - Shot Blocked by Radim Simek.
6:29 of 2nd period - Shot by Garnet Hathaway.
6:29 of 2nd period - Shot Misses the Net.
6:31 of 2nd period - Shot by Dmitry Kulikov.
6:31 of 2nd period - Stopped by Jimmy Howard without a rebound.
6:32 of 2nd period - Adam Lowry wins face-off versus Garnet Hathaway in FLORIDA zone.
6:32 of 2nd period - Adam Lowry is hit by Joakim Nygard.
6:46 of 2nd period - Shot by Alex Galchenyuk.
6:46 of 2nd period - Stopped by Connor Hellebuyck without a rebound.
6:47 of 2nd period - Oskar Sundqvist wins face-off versus Joe Thornton in OTTAWA zone.
7:07 of 2nd period - Shot by Patrick Marleau.
7:07 of 2nd period - Shot Misses the Net.
7:09 of 2nd period - Shot by Martin Necas.
7:09 of 2nd period - Shot Misses the Net.
7:13 of 2nd period - Shot by Nate Schmidt.
7:13 of 2nd period - Shot Misses the Net.
7:49 of 2nd period - Shot by Jordan Eberle.
7:49 of 2nd period - Shot Misses the Net.
7:51 of 2nd period - Shot by Niklas Kronwall.
7:51 of 2nd period - Shot Blocked by Radim Simek.
8:13 of 2nd period - Shot by Yanni Gourde.
8:13 of 2nd period - Stopped by Jimmy Howard with a rebound.
8:15 of 2nd period - Shot by Jordan Eberle.
8:15 of 2nd period - Shot Blocked by Craig Smith.
8:17 of 2nd period - Shot by Jordan Eberle.
8:17 of 2nd period - Stopped by Jimmy Howard without a rebound.
8:18 of 2nd period - Joakim Nordstrom wins face-off versus Garnet Hathaway in FLORIDA zone.
8:23 of 2nd period - Vince Dunn is hit by Micheal Ferland and loses puck.
8:40 of 2nd period - Garnet Hathaway is hit by Dante Fabbro and loses puck.
8:43 of 2nd period - Shot by Martin Kaut.
8:43 of 2nd period - Shot Misses the Net.
9:45 of 2nd period - Shot by Michael Rasmussen.
9:45 of 2nd period - Stopped by Jimmy Howard without a rebound.
9:46 of 2nd period - Marcus Johansson wins face-off versus Alex Galchenyuk in FLORIDA zone.
9:47 of 2nd period - Shot by Yanni Gourde.
9:47 of 2nd period - Deflect By Jordan Eberle.
9:47 of 2nd period - Stopped by Jimmy Howard without a rebound.
9:48 of 2nd period - Adam Lowry wins face-off versus Marcus Johansson in FLORIDA zone.
9:48 of 2nd period - Adam Lowry is hit by Yanni Gourde.
12:32 of 2nd period - Jordan Eberle is hit by Radim Simek and loses puck.
12:38 of 2nd period - Yanni Gourde is hit by Radim Simek.
12:56 of 2nd period - Shot by Jordan Eberle.
12:56 of 2nd period - Stopped by Jimmy Howard with a rebound.
12:58 of 2nd period - Shot by Jordan Eberle.
12:58 of 2nd period - Shot Misses the Net.
13:00 of 2nd period - Shot by Mark Borowiecki.
13:00 of 2nd period - Goal by Mark Borowiecki - OTTAWA : 1 - FLORIDA : 3.
13:01 of 2nd period - Adam Lowry wins face-off versus Oskar Sundqvist in neutral zone.
13:19 of 2nd period - Icing by Nate Schmidt.
13:20 of 2nd period - Garnet Hathaway wins face-off versus Adam Lowry in FLORIDA zone.
13:31 of 2nd period - Shot by Garnet Hathaway.
13:31 of 2nd period - Shot Blocked by Nate Schmidt.
13:39 of 2nd period - Shot by Garnet Hathaway.
13:39 of 2nd period - Shot Misses the Net.
13:41 of 2nd period - Shot by Garnet Hathaway.
13:41 of 2nd period - Shot Blocked by Nate Schmidt.
13:43 of 2nd period - Shot by Joakim Nygard.
13:43 of 2nd period - Deflect By Martin Kaut.
13:43 of 2nd period - Shot Misses the Net.
14:22 of 2nd period - Shot by Jordan Eberle.
14:22 of 2nd period - Stopped by Jimmy Howard without a rebound.
14:23 of 2nd period - Ryan Donato wins face-off versus Oskar Sundqvist in FLORIDA zone.
15:15 of 2nd period - Minor Penalty to Dante Fabbro for Hooking.
15:16 of 2nd period - Marcus Johansson wins face-off versus Adam Lowry in FLORIDA zone.
15:29 of 2nd period - Adam Lowry is hit by Yanni Gourde and loses puck.
15:40 of 2nd period - Shot by Jordan Eberle.
15:40 of 2nd period - Shot Misses the Net.
15:44 of 2nd period - Shot by Yanni Gourde.
15:44 of 2nd period - Shot Misses the Net.
17:04 of 2nd period - Shot by Marcus Johansson.
17:04 of 2nd period - Deflect By Jordan Eberle.
17:04 of 2nd period - Shot Misses the Net.
17:21 of 2nd period - Icing by Dante Fabbro.
17:22 of 2nd period - Garnet Hathaway wins face-off versus Ryan Donato in FLORIDA zone.
18:28 of 2nd period - Shot by Drake Batherson.
18:28 of 2nd period - Shot Misses the Net.
18:42 of 2nd period - Shot by Mark Borowiecki.
18:42 of 2nd period - Stopped by Jimmy Howard with a rebound.
19:15 of 2nd period - Icing by Dante Fabbro.
19:16 of 2nd period - Marcus Johansson wins face-off versus Adam Lowry in FLORIDA zone.
19:36 of 2nd period - Icing by Jordan Eberle.
19:37 of 2nd period - Marcus Johansson wins face-off versus Joe Thornton in OTTAWA zone.
Goals for this period are 1 for OTTAWA vs 1 for FLORIDA.
Shots for this period are 11 for OTTAWA vs 4 for FLORIDA.

3rd period


0:01 of 3rd period - Jordan Eberle wins face-off versus Patrick Marleau in neutral zone.
0:16 of 3rd period - Shot by Patrick Marleau.
0:16 of 3rd period - Shot Misses the Net.
0:18 of 3rd period - Shot by Martin Necas.
0:18 of 3rd period - Deflect By Patrick Marleau.
0:18 of 3rd period - The goal is going for a video replay.
0:18 of 3rd period - The goal is refused.
0:19 of 3rd period - Adam Lowry wins face-off versus Oskar Sundqvist in OTTAWA zone.
0:32 of 3rd period - Shot by Kyle Okposo.
0:32 of 3rd period - Stopped by Jimmy Howard without a rebound.
0:33 of 3rd period - Joe Thornton wins face-off versus Marcus Johansson in FLORIDA zone.
0:44 of 3rd period - Shot by Patrick Marleau.
0:44 of 3rd period - Stopped by Connor Hellebuyck without a rebound.
0:45 of 3rd period - Adam Lowry wins face-off versus Oskar Sundqvist in OTTAWA zone.
1:22 of 3rd period - Nate Schmidt is hit by Oskar Sundqvist.
1:29 of 3rd period - Icing by Marc Staal.
1:30 of 3rd period - Marcus Johansson wins face-off versus Adam Lowry in FLORIDA zone.
1:30 of 3rd period - Ryan Suter is hit by Marc Staal and loses puck.
1:57 of 3rd period - Icing by Joe Thornton.
1:58 of 3rd period - Joe Thornton wins face-off versus Garnet Hathaway in FLORIDA zone.
2:05 of 3rd period - Shot by Martin Necas.
2:05 of 3rd period - Stopped by Connor Hellebuyck with a rebound.
2:12 of 3rd period - Icing by Dmitry Kulikov.
2:13 of 3rd period - Garnet Hathaway wins face-off versus Micheal Ferland in OTTAWA zone.
2:32 of 3rd period - Shot by Mark Borowiecki.
2:32 of 3rd period - Stopped by Jimmy Howard without a rebound.
2:33 of 3rd period - Joe Thornton wins face-off versus Marcus Johansson in FLORIDA zone.
2:48 of 3rd period - Shot by Martin Necas.
2:48 of 3rd period - Stopped by Connor Hellebuyck without a rebound.
2:49 of 3rd period - Oskar Sundqvist wins face-off versus Alex Galchenyuk in OTTAWA zone.
2:49 of 3rd period - Oskar Sundqvist is hit by Alex Galchenyuk.
2:59 of 3rd period - Shot by Oskar Sundqvist.
2:59 of 3rd period - Stopped by Jimmy Howard with a rebound.
3:01 of 3rd period - Shot by Colin Wilson.
3:01 of 3rd period - Goal by Colin Wilson - OTTAWA : 2 - FLORIDA : 3.
3:02 of 3rd period - Marcus Johansson wins face-off versus Joe Thornton in neutral zone.
3:18 of 3rd period - Off-side.
3:19 of 3rd period - Adam Lowry wins face-off versus Oskar Sundqvist in neutral zone.
3:22 of 3rd period - Michal Kempny is hit by Adam Lowry and loses puck.
4:05 of 3rd period - Off-side.
4:06 of 3rd period - Joe Thornton wins face-off versus Marcus Johansson in neutral zone.
4:24 of 3rd period - Shot by Yanni Gourde.
4:24 of 3rd period - Shot Misses the Net.
4:35 of 3rd period - Icing by Ryan Suter.
4:36 of 3rd period - Marcus Johansson wins face-off versus Ryan Donato in OTTAWA zone.
4:53 of 3rd period - Shot by Joakim Nordstrom.
4:53 of 3rd period - Shot Blocked by Vince Dunn.
4:55 of 3rd period - Shot by Radim Simek.
4:55 of 3rd period - Shot Blocked by Vince Dunn.
5:14 of 3rd period - Ryan Donato is hit by Michal Kempny and loses puck.
5:53 of 3rd period - Shot by Drake Batherson.
5:53 of 3rd period - Shot Misses the Net.
5:55 of 3rd period - Shot by Marc Staal.
5:55 of 3rd period - Stopped by Connor Hellebuyck without a rebound.
5:56 of 3rd period - Patrick Marleau wins face-off versus Oskar Sundqvist in OTTAWA zone.
6:04 of 3rd period - Shot by Shayne Gostisbehere.
6:04 of 3rd period - Shot Misses the Net.
6:06 of 3rd period - Shot by Joe Thornton.
6:06 of 3rd period - Goal by Joe Thornton - OTTAWA : 2 - FLORIDA : 4.
6:07 of 3rd period - Adam Lowry wins face-off versus Michael Rasmussen in neutral zone.
6:17 of 3rd period - Shot by Craig Smith.
6:17 of 3rd period - Stopped by Connor Hellebuyck without a rebound.
6:18 of 3rd period - Joe Thornton wins face-off versus Oskar Sundqvist in OTTAWA zone.
6:26 of 3rd period - Icing by Vince Dunn.
6:27 of 3rd period - Colin Wilson wins face-off versus Craig Smith in OTTAWA zone.
6:31 of 3rd period - Oskar Sundqvist is hit by Shayne Gostisbehere and loses puck.
6:41 of 3rd period - Icing by Ryan Suter.
6:42 of 3rd period - Joe Thornton wins face-off versus Oskar Sundqvist in OTTAWA zone.
7:13 of 3rd period - Shot by Joe Thornton.
7:13 of 3rd period - Shot Blocked by Oskar Sundqvist.
7:46 of 3rd period - Off-side.
7:47 of 3rd period - Marcus Johansson wins face-off versus Joakim Nordstrom in neutral zone.
7:52 of 3rd period - Shot by Yanni Gourde.
7:52 of 3rd period - Shot Misses the Net.
7:54 of 3rd period - Shot by Michal Kempny.
7:54 of 3rd period - Stopped by Jimmy Howard without a rebound.
7:55 of 3rd period - Alex Galchenyuk wins face-off versus Marcus Johansson in FLORIDA zone.
8:26 of 3rd period - Shot by Craig Smith.
8:26 of 3rd period - Shot Misses the Net.
8:33 of 3rd period - Niklas Kronwall is hit by Adam Lowry.
9:08 of 3rd period - Icing by Garnet Hathaway.
9:09 of 3rd period - Ryan Donato wins face-off versus Garnet Hathaway in OTTAWA zone.
9:18 of 3rd period - Shot by Ryan Donato.
9:18 of 3rd period - Stopped by Connor Hellebuyck with a rebound.
9:26 of 3rd period - Shot by Micheal Ferland.
9:26 of 3rd period - Shot Misses the Net.
10:25 of 3rd period - Shot by Patrick Marleau.
10:25 of 3rd period - Stopped by Connor Hellebuyck without a rebound.
10:26 of 3rd period - Marcus Johansson wins face-off versus Brett Ritchie in OTTAWA zone.
10:33 of 3rd period - Shot by Yanni Gourde.
10:33 of 3rd period - Shot Hit the Post.
10:45 of 3rd period - Shot by Jordan Eberle.
10:45 of 3rd period - Stopped by Jimmy Howard without a rebound.
10:46 of 3rd period - Adam Lowry wins face-off versus Oskar Sundqvist in FLORIDA zone.
10:59 of 3rd period - Shot by Adam Lowry.
10:59 of 3rd period - Stopped by Connor Hellebuyck without a rebound.
11:00 of 3rd period - Joe Thornton wins face-off versus Marcus Johansson in OTTAWA zone.
11:05 of 3rd period - Shot by Joe Thornton.
11:05 of 3rd period - Shot Misses the Net.
11:07 of 3rd period - Shot by Joe Thornton.
11:07 of 3rd period - Shot Misses the Net.
11:09 of 3rd period - Shot by Justin Schultz.
11:09 of 3rd period - Stopped by Connor Hellebuyck without a rebound.
11:10 of 3rd period - Adam Lowry wins face-off versus Oskar Sundqvist in OTTAWA zone.
11:10 of 3rd period - Alex Galchenyuk is hit by Vince Dunn and loses puck.
11:24 of 3rd period - Alex Galchenyuk is hit by Ryan Suter and loses puck.
11:51 of 3rd period - Alex Galchenyuk is hit by Colin Wilson and loses puck.
12:05 of 3rd period - Shayne Gostisbehere is hit by Vince Dunn and loses puck.
12:13 of 3rd period - Icing by Ryan Suter.
12:14 of 3rd period - Patrick Marleau wins face-off versus Oskar Sundqvist in OTTAWA zone.
12:17 of 3rd period - Shot by Joe Thornton.
12:17 of 3rd period - Deflect By Martin Necas.
12:17 of 3rd period - Shot Misses the Net.
12:22 of 3rd period - Vince Dunn is hit by Marc Staal and loses puck.
12:32 of 3rd period - Minor Penalty to Marc Staal for Hooking.
12:33 of 3rd period - Adam Lowry wins face-off versus Marcus Johansson in FLORIDA zone.
12:54 of 3rd period - Shot by Niklas Kronwall.
12:54 of 3rd period - Stopped by Jimmy Howard without a rebound.
12:55 of 3rd period - Marcus Johansson wins face-off versus Adam Lowry in FLORIDA zone.
13:10 of 3rd period - Icing by Niklas Kronwall.
13:11 of 3rd period - Adam Lowry wins face-off versus Jordan Eberle in OTTAWA zone.
13:38 of 3rd period - Shot by Nate Schmidt.
13:38 of 3rd period - Stopped by Connor Hellebuyck without a rebound.
13:39 of 3rd period - Joe Thornton wins face-off versus Kyle Okposo in OTTAWA zone.
14:03 of 3rd period - Shot by Brandon Pirri.
14:03 of 3rd period - Stopped by Jimmy Howard with a rebound.
14:45 of 3rd period - Icing by Michal Kempny.
14:46 of 3rd period - Garnet Hathaway wins face-off versus Drake Batherson in OTTAWA zone.
14:57 of 3rd period - Shot by Garnet Hathaway.
14:57 of 3rd period - Stopped by Jimmy Howard with a rebound.
14:59 of 3rd period - Shot by Garnet Hathaway.
14:59 of 3rd period - Goal by Garnet Hathaway - OTTAWA : 3 - FLORIDA : 4.
15:00 of 3rd period - Michael Rasmussen wins face-off versus Ryan Donato in neutral zone.
15:17 of 3rd period - Dmitry Kulikov is hit by Micheal Ferland.
15:49 of 3rd period - Off-side.
15:50 of 3rd period - Joe Thornton wins face-off versus Marcus Johansson in neutral zone.
16:04 of 3rd period - Shot by Martin Necas.
16:04 of 3rd period - Stopped by Connor Hellebuyck without a rebound.
16:05 of 3rd period - Oskar Sundqvist wins face-off versus Adam Lowry in OTTAWA zone.
16:20 of 3rd period - Shot by Kyle Okposo.
16:20 of 3rd period - Deflect By Oskar Sundqvist.
16:20 of 3rd period - Stopped by Jimmy Howard without a rebound.
16:21 of 3rd period - Joe Thornton wins face-off versus Marcus Johansson in FLORIDA zone.
16:27 of 3rd period - Marcus Johansson is hit by Joe Thornton and loses puck.
16:40 of 3rd period - Shot by Marcus Johansson.
16:40 of 3rd period - Shot Misses the Net.
16:46 of 3rd period - Shot by Vince Dunn.
16:46 of 3rd period - Shot Blocked by Dante Fabbro.
17:12 of 3rd period - Shot by Oskar Sundqvist.
17:12 of 3rd period - Shot Hit the Post.
17:14 of 3rd period - Shot by Michal Kempny.
17:14 of 3rd period - Stopped by Jimmy Howard without a rebound.
17:15 of 3rd period - Alex Galchenyuk wins face-off versus Joakim Nygard in FLORIDA zone.
18:06 of 3rd period - Icing by Craig Smith.
18:07 of 3rd period - Michael Rasmussen wins face-off versus Alex Galchenyuk in FLORIDA zone.
18:08 of 3rd period - Shot by Ryan Suter.
18:08 of 3rd period - Shot Blocked by Marc Staal.
18:16 of 3rd period - Marc Staal is hit by MacKenzie Entwistle.
18:40 of 3rd period - Shot by MacKenzie Entwistle.
18:40 of 3rd period - Stopped by Jimmy Howard without a rebound.
18:41 of 3rd period - Joe Thornton wins face-off versus Marcus Johansson in FLORIDA zone.
18:45 of 3rd period - Minor Penalty to Vince Dunn for Tripping.
18:46 of 3rd period - Ryan Donato wins face-off versus Garnet Hathaway in OTTAWA zone.
19:07 of 3rd period - Shot by Radim Simek.
19:07 of 3rd period - Stopped by Connor Hellebuyck without a rebound.
19:08 of 3rd period - Joe Thornton wins face-off versus Garnet Hathaway in OTTAWA zone.
19:27 of 3rd period - Shot by Alex Galchenyuk.
19:27 of 3rd period - Stopped by Connor Hellebuyck without a rebound.
19:28 of 3rd period - Garnet Hathaway wins face-off versus Ryan Donato in OTTAWA zone.
Goals for this period are 2 for OTTAWA vs 1 for FLORIDA.
Shots for this period are 13 for OTTAWA vs 15 for FLORIDA.